 Dungeon Crawl Stone Soup version 0.23-a0-819-g6debee6 (webtiles) character file.

5190 poirepourri the Cleaver (level 10, -1/96 HPs)
             Began as a Deep Dwarf Fighter on Jan 22, 2019.
             Was a Believer of Makhleb.
             Killed by divine providence
             ... invoked by an orc priest
              (12 damage)
             ... on level 9 of the Dungeon.
             The game lasted 00:08:09 (6118 turns).

poirepourri the Cleaver (Deep Dwarf Fighter)        Turns: 6118, Time: 00:08:09

Health: -1/96      AC:  6    Str: 20    XL:     10   Next: 34%
Magic:  6/6        EV:  8    Int:  9    God:    Makhleb [**....]
Gold:   443        SH: 13    Dex: 15    Spells: 9/9 levels left

rFire    . . .     SeeInvis .   a - +4 war axe
rCold    . . .     Gourm    .   c - +2 shield
rNeg     + + .     Faith    .   b - +0 scale mail
rPois    .         Spirit   .   (no helmet)
rElec    .         Reflect  .   v - scarf {cloud immunity}
rCorr    .         Harm     .   (no gloves)
MR       +....                  (no boots)
Stlth    ..........             (no amulet)
HPRegen  0.00/turn              h - ring of positive energy
MPRegen  0.10/turn              x - ring of positive energy

@: non-regenerating
A: damage resistance, heal wounds, sense surroundings 2, no regeneration
a: Heal Wounds, Minor Destruction, Renounce Religion


You were on level 9 of the Dungeon.
You worshipped Makhleb.
Makhleb was pleased with you.
You were not hungry.

You visited 2 branches of the dungeon, and saw 10 of its levels.
You also visited: Ossuary.

You collected 443 gold pieces.

Inventory:

Hand Weapons
 a - a +4 war axe (weapon)
Missiles
 o - 5 javelins (quivered)
Armour
 b - a +0 scale mail (worn)
 c - a +2 shield (worn)
 m - a +0 cloak
 v - a scarf of cloud immunity (worn)
Jewellery
 h - a ring of positive energy (left hand)
 x - a ring of positive energy (right hand)
Wands
 d - a wand of acid (4)
 i - a wand of flame (29)
 j - a wand of polymorph (11)
 y - a wand of clouds (7)
Scrolls
 e - 4 scrolls of remove curse
 n - 2 scrolls of magic mapping
 t - 2 scrolls of teleportation
Potions
 l - a potion of cancellation
 p - a potion of haste
 q - a potion of resistance
 s - 2 potions of magic
 u - a potion of flight
 z - a potion of brilliance
Comestibles
 f - 16 rations


   Skills:
 - Level 8.1 Fighting
 - Level 12.3 Axes
 - Level 3.2 Armour
 + Level 7.6 Shields


You had 9 spell levels left.
You didn't know any spells.
Your spell library contained the following spells:

 Spells                   Type           Power        Failure   Level  Hunger
 Animate Skeleton         Necr           N/A          96%         1    ##.....
 Apportation              Tloc           #.....       96%         1    ##.....
 Confusing Touch          Hex            #.....       96%         1    ##.....
 Magic Dart               Conj           #...         96%         1    ##.....
 Summon Small Mammal      Summ           #...         96%         1    ##.....
 Blink                    Tloc           N/A          99%         2    ###....
 Call Imp                 Summ           #.......     99%         2    ###....
 Slow                     Hex            #.......     99%         2    ###....
 Conjure Flame            Conj/Fire      #.......     100%        3    ####...
 Mephitic Cloud           Conj/Pois/Air  #.......     100%        3    ####...


Dungeon Overview and Level Annotations

Branches:
Dungeon (9/15)             Temple (1/1) D:5
   Lair: D:8-11         Orc: D:9-12

Altars:
Ashenzari
Cheibriados
Dithmenos
Elyvilon
Fedhas
Gozag
Hepliaklqana
Kikubaaqudgha
Makhleb
Nemelex Xobeh
Okawaru
Qazlal
Ru
Sif Muna
Trog
Uskayaw
Vehumet
Wu Jian
Xom
Yredelemnul
Zin
The Shining One


Innate Abilities, Weirdness & Mutations

You are resistant to damage.
You can heal yourself by infusing magical energy.
You passively map the area around you.
You do not regenerate.


Message History

The komodo dragon is lightly wounded.
You block the komodo dragon's attack.
You slash the komodo dragon!
The komodo dragon is moderately wounded.
The komodo dragon bites you!!
* * * LOW HITPOINT WARNING * * *
You hit the komodo dragon.
The komodo dragon is heavily wounded.
The orc priest begins to cast a cantrip, but forgets the words!
You hit the komodo dragon.
The komodo dragon is heavily wounded.
You block the komodo dragon's attack.
The orc priest miscasts a cantrip.
You hit the komodo dragon.
The komodo dragon is heavily wounded.
The komodo dragon bites you!
* * * LOW HITPOINT WARNING * * *
The orc priest invokes the aid of Beogh against you.
Beogh smites you!
You die...

, , , * * *######### ,* *
........### , , ........#.. ,
.### * ........#.#####.# ...
,........#.#.....# #.. , , *
........#.#o#########.####, ,
,...........ol@....#....... *,
,........#.#######.#.#..#####.
, ............ , #.#..........
* #######.####.# #.........(..
....,, .. #..........# ***
###.#* ,###.#.#.##.#.# , #.# *
**#.#.#.##.# , * #.# *
*#.#.#.##.#, , , * ,
*#.#.#.##.#,#


You could see a komodo dragon, an orc priest and an orc.

Vanquished Creatures
  Pikel (D:5)
  A hippogriff (D:7)
  A wraith (Ossuary)
  Sigmund (D:2)
  A wyvern (D:9)
  A hungry ghost (D:7)
  4 hogs (D:7)
  A human (D:7)
  3 orc warriors
  Duvessa (D:5)
  A hornet zombie (D:9)
  A phantom (D:6)
  4 ice beasts
  2 sky beasts
  2 ogres
  A centaur (D:9)
  A big kobold (D:7)
  Blork the orc (D:5)
  4 bullfrogs
  Dowan (D:5)
  A scorpion (D:7)
  5 killer bees (D:7)
  A howler monkey (D:5)
  A crimson imp (D:8)
  A human zombie (D:5)
  A bullfrog zombie (D:9)
  2 hounds
  4 orc priests
  A centaur zombie (D:7)
  6 orc wizards
  Crazy Yiuf (D:3)
  Jessica (D:2)
  Ijyb (D:5)
  2 iguanas
  11 worker ants
  A killer bee zombie (D:7)
  2 hound skeletons
  3 mummies (Ossuary)
  10 adders
  An ooze (D:1)
  An adder zombie (D:6)
  An adder skeleton (D:4)
  2 worms
  2 dart slugs
  5 leopard geckos
  32 orcs
  A ball python (D:4)
  8 bats
  4 giant cockroaches
  6 hobgoblins
  8 jackals
  A quokka (D:3)
  6 frilled lizards
  9 goblins
  A goblin zombie (Ossuary)
  2 hobgoblin zombies (Ossuary)
  A jackal skeleton (D:5)
  A jackal zombie (D:5)
  10 kobolds
  3 kobold zombies (Ossuary)
  An orc zombie (D:5)
  A quokka zombie (D:8)
  8 rats
203 creatures vanquished.

Vanquished Creatures (others)
  An orc wizard (D:3)
1 creature vanquished.

Grand Total: 204 creatures vanquished

Notes
Turn   | Place    | Note
-------+----------+-------------------------------------------
     0 | D:1      | poirepourri the Deep Dwarf Fighter began the quest for the
                  | Orb.
     0 | D:1      | Reached XP level 1. HP: 20/20 MP: 1/1
   164 | D:1      | Reached skill level 3 in Axes
   164 | D:1      | Reached XP level 2. HP: 24/27 MP: 2/2
   435 | D:1      | Reached XP level 3. HP: 26/33 MP: 3/3
   508 | D:1      | Reached skill level 4 in Axes
   808 | D:2      | Noticed Sigmund
   827 | D:2      | Killed Sigmund
   827 | D:2      | Reached skill level 6 in Axes
   827 | D:2      | Reached XP level 4. HP: 19/40 MP: 4/4
   827 | D:2      | Reached XP level 5. HP: 22/46 MP: 5/5
   852 | D:2      | Noticed Jessica
   856 | D:2      | Killed Jessica
  1080 | D:3      | Found a snail-covered altar of Cheibriados.
  1191 | D:3      | Reached skill level 7 in Axes
  1192 | D:3      | Reached XP level 6. HP: 25/55 MP: 6/6
  1622 | D:3      | Found a runed door.
  1729 | D:3      | Noticed Crazy Yiuf
  1737 | D:3      | Killed Crazy Yiuf
  1911 | D:4      | Reached skill level 8 in Axes
  2312 | D:4      | Reached XP level 7. HP: 32/61 MP: 7/7
  2553 | D:5      | Entered Level 5 of the Dungeon
  2570 | D:5      | Noticed Dowan
  2572 | D:5      | Noticed Duvessa
  2581 | D:5      | Reached skill level 9 in Axes
  2582 | D:5      | Killed Duvessa
  2592 | D:5      | Killed Dowan
  2633 | D:5      | Noticed Blork the orc
  2640 | D:5      | Killed Blork the orc
  2670 | D:5      | Found a staircase to the Ecumenical Temple.
  2687 | Temple   | Entered the Ecumenical Temple
  2906 | Temple   | Became a worshipper of Makhleb the Destroyer
  3045 | D:5      | Reached skill level 10 in Axes
  3050 | D:5      | Found an ancient bone altar of Kikubaaqudgha.
  3165 | D:5      | Reached XP level 8. HP: 32/68 MP: 8/8
  3174 | D:5      | Noticed Ijyb
  3181 | D:5      | Killed Ijyb
  3207 | D:5      | Noticed Pikel
  3226 | D:5      | Killed Pikel
  3226 | D:5      | Reached skill level 11 in Axes
  3279 | D:5      | Found a sand-covered staircase.
  3300 | Ossuary  | Entered an ossuary
  3530 | Ossuary  | Reached skill level 12 in Axes
  3909 | D:6      | Reached * piety under Makhleb
  3909 | D:6      | Gained mutation: You passively map the area around you.
                  | [Deep Dwarf growth]
  3909 | D:6      | Reached XP level 9. HP: 43/76 MP: 9/9
  4427 | D:6      | Reached skill level 5 in Fighting
  4810 | D:7      | Reached ** piety under Makhleb
  5170 | D:7      | Reached XP level 10. HP: 46/96 MP: 8/8
  5174 | D:7      | Reached skill level 5 in Shields
  5513 | D:8      | Found a shattered altar of Ashenzari.
  6118 | D:9      | Killed from afar by an orc priest

Vault maps used:
D:1:      nzn_arrival_water_spiral
D:2:      uniq_jessica, uniq_sigmund
D:3:      cheibrodos_helix_gallery, cheibriados_altar_1, uniq_crazy_yiuf_cottage
D:4:      first_ration
D:5:      lemuel_doored_altar, minmay_temple_entry_junction_2, enter_ossuary_3,
          moated_statue, uniq_blork_the_orc, uniq_pikel, uniq_ijyb, uniq_duvessa
D:7:      grunt_livestock
D:8:      ashenzari_altar_1
D:9:      david_orc_2, interstate_on_off, minmay_tree_intersection, st_stairs_3
Temple:   roderic_octagonal_lattice_temple
Ossuary:  ossuary_kennysheep_city_of_the_dead

Skill      XL: |  1  2  3  4  5  6  7  8  9 10 |
---------------+-------------------------------+-----
Axes           | 3 6 7 8 10 12 | 12.3
Fighting       | 3 8 |  8.1
Shields        | 4 7 |  7.6
Armour         | |  3.2

Action                   |  1- 3 |  4- 6 |  7- 9 | 10-12 || total
-------------------------+-------+-------+-------+-------++-------
Melee: War axe           |   112 |   174 |   300 |   100 ||   686
 Abil: Heal Wounds       |     1 |     2 |     6 |     5 ||    14
Evoke: Wand              |       |       |     4 |       ||     4
  Use: Potion            |     1 |     3 |    16 |       ||    20
       Scroll            |       |     9 |    11 |     3 ||    23
  Eat: Chunk             |       |     2 |       |       ||     2
       Ration            |       |     3 |     1 |     1 ||     5
Armor: Scale mail        |    61 |    53 |    71 |    14 ||   199
       Skin              |       |       |     2 |    11 ||    13
Dodge: Dodged            |    33 |    49 |    68 |    16 ||   166
Block: Shield            |    62 |    94 |   136 |    47 ||   339

Table legend:
 A = Non-vault XP
 B = Vault XP
 C = Vault XP percentage of total XP
 D = Non-vault monster count
 E = Vault monster count
 F = Vault count percentage of total count
                 A         B        C        D         E       F
            +---------+---------+-------+---------+---------+-------
      Total |    4713 |    2702 |  36.4 |     175 |      28 |  13.8
            +---------+---------+-------+---------+---------+-------
        D:1 |      49 |       0 |   0.0 |      29 |       0 |   0.0
        D:2 |      30 |     249 |  89.2 |      15 |       2 |  11.8
        D:3 |     202 |      41 |  16.9 |      31 |       3 |   8.8
        D:4 |     207 |       0 |   0.0 |      13 |       0 |   0.0
        D:5 |     398 |    1011 |  71.8 |      18 |       7 |  28.0
        D:6 |     905 |       0 |   0.0 |      17 |       0 |   0.0
        D:7 |    1944 |     959 |  33.0 |      38 |       5 |  11.6
        D:8 |     477 |       0 |   0.0 |       9 |       0 |   0.0
        D:9 |     501 |     166 |  24.9 |       5 |       2 |  28.6
    Ossuary |       0 |     276 | 100.0 |       0 |       9 | 100.0
            +---------+---------+-------+---------+---------+-------
